 Dungeon Crawl Stone Soup version 0.30-a0-583-g19bae12e61 (webtiles) character file.

Game seed: 10604258767081188547

62 Citaku the Trooper (level 3, -3/29 HPs)
             Began as a Demonspawn Fighter on Jan 1, 2023.
             Killed from afar by Sigmund (8 damage)
             ... with a magic dart
             ... on level 2 of the Dungeon.
             The game lasted 00:06:02 (1543 turns).

Citaku the Trooper (Demonspawn Fighter)             Turns: 1543, Time: 00:06:02

Health: -3/29      AC:  9    Str: 18    XL:     3   Next: 85%
Magic:  3/3        EV: 10    Int:  9    God:
Gold:   70         SH:  0    Dex: 12    Spells: 2/2 levels left

rFire   . . .      SeeInvis .    a - +0 flail (drain)
rCold   . . .      Faith    .    c - +0 buckler
rNeg    . . .      Spirit   .    r - +3 ring mail
rPois   +          Reflect  .    (no helmet)
rElec   +          Harm     .    e - +0 cloak
rCorr   .          Rampage  .    (no gloves)
Will    .....                    (no boots) Stlth
                                 (no amulet)
HPRegen 0.24/turn                (no ring)
MPRegen 0.08/turn                (no ring)

@: confused, mighty, hasted, very quick
A: demonic guardian 1, powered by pain 1, poison resistance, screaming 1,
electricity resistance
a: no special abilities


You were on level 2 of the Dungeon.
You visited 1 branch of the dungeon, and saw 2 of its levels.

You collected 70 gold pieces.

Inventory:

Hand Weapons
 a - a +0 flail of draining (weapon)
Armour
 c - a +0 buckler (worn)
 e - a +0 cloak (worn)
 r - a +3 ring mail (worn)
Scrolls
 g - a scroll of immolation
 i - a scroll of teleportation
 n - a scroll of blinking


   Skills:
 + Level 3.4 Fighting
 + Level 2.5 Maces & Flails
 + Level 3.0 Armour
 + Level 1.1 Stealth
 + Level 3.0 Shields


You had 2 spell levels left.
You didn't know any spells.
Your spell library contained the following spells:

 Spells                   Type           Power      Damage    Failure   Level
 Freeze                   Ice            0%         1d3       67%         1
 Call Canine Familiar     Summ           0%         N/A       95%         3
 Frozen Ramparts          Ice            0%         1d1       95%         3
 Hailstorm                Conj/Ice       0%         3d3       95%         3
 Portal Projectile        Hex/Tloc       0%         N/A       95%         3
 Leda's Liquefaction      Hex/Erth       0%         N/A       100%        4


Dungeon Overview and Level Annotations

Branches:
Dungeon (2/15)

Altars:

Shops:
D:1 (

Annotations:
D:2 Sigmund


Innate Abilities, Weirdness & Mutations

A weak demonic guardian rushes to your aid.
You sometimes gain a little power by taking damage.
Your system is resistant to poisons. (rPois)
You occasionally shout uncontrollably at your foes.
You are resistant to electric shocks. (rElec)


Message History

You now have 70 gold pieces (gained 17).
Sigmund the Dreaded comes into view.
He is wielding a +0 scythe.
Sigmund shouts!
You feel very mighty all of a sudden.
Sigmund breathes a few words.
Sigmund's hands start flickering wildly.
Sigmund points at you and mumbles some strange words.
You are confused.
You feel yourself speed up.
Sigmund mumbles some strange words.
Sigmund flickers and vanishes!
Deactivating autopickup; reactivate with Ctrl-A.
A puff of flame appears from out of thin air!
The puff of flame hits you! Something hits you but does no damage.
You feel less confused. Something hits you but does no damage.
You are confused.
Something hits you.
You closely miss something.
You hear some strange, mumbled words.
You are more confused.
You hear some strange, mumbled words.
You are more confused.
Something hits you! Something hits you.
* * * LOW HITPOINT WARNING * * *
You are too confused!
You are too confused!
You aren't carrying any potions.
You are too confused!
Something hits you.
* * * LOW HITPOINT WARNING * * *
A demonic guardian appears!
You are too confused!
You sock something!
You hear some strange, mumbled words.
A magic dart appears from out of thin air!
The magic dart hits you!
You die...

#....................#...#..#
##.#.#.#.............#...#..#
####.##.............#...#...
##.##.............'.......
#.................#####.##
#.....######......)# #.#.
#..................####...
##........................
#......5@................
#......{..........#.....†
#.......................#
##...............##.#....
#...............##<#.#.#
#.....##############.#..
#.....# #.### #.....# #.#
#.....# #.#


You could see a friendly shadow imp (summoned).

Vanquished Creatures
  An adder (D:2)
  2 worms (D:2)
  2 dart slugs (D:2)
  2 endoplasms (D:2)
  2 goblins
  A hobgoblin (D:1)
  2 ball pythons
  2 bats (D:1)
  2 frilled lizards (D:2)
  4 rats (D:1)
20 creatures vanquished.

Vanquished Creatures (collateral kills)
  Jessica (D:2)
1 creature vanquished.

Grand Total: 21 creatures vanquished

Notes
Turn   | Place    | Note
-------+----------+-------------------------------------------
     0 | D:1      | Citaku the Demonspawn Fighter began the quest for the Orb.
     0 | D:1      | Reached XP level 1. HP: 18/18 MP: 1/1
   151 | D:1      | Found Bipsan's Weapon Boutique.
   760 | D:2      | Gained mutation: A weak demonic guardian rushes to your
                  | aid. [demonic ancestry]
   760 | D:2      | Reached XP level 2. HP: 22/24 MP: 2/2
   902 | D:2      | Noticed Jessica
   910 | D:2      | Killed Jessica
   911 | D:2      | Gained mutation: You sometimes gain a little power by
                  | taking damage. [demonic ancestry]
   911 | D:2      | Reached XP level 3. HP: 12/29 MP: 3/3
  1273 | D:2      | Gained mutation: Your system is resistant to poisons.
                  | (rPois) [potion of mutation]
  1273 | D:2      | Gained mutation: You are resistant to electric shocks.
                  | (rElec) [potion of mutation]
  1273 | D:2      | Gained mutation: You occasionally shout uncontrollably at
                  | your foes. [potion of mutation]
  1322 | D:2      | Reached skill level 1 in Stealth
  1510 | D:2      | Noticed Sigmund
  1543 | D:2      | Killed from afar by Sigmund

Illustrated notes

Levels and vault maps discovered:
D:1:      lemuel_arrival_funnel, layout_basic, serial_shops,
          nicolae_shop_bloodbath_and_beyond
D:2:      layout_basic, st_stairs_12, uniq_jessica, uniq_sigmund, uniq_natasha

Skill      XL: |  1  2  3 |
---------------+----------+-----
Maces & Flails | 2 |  2.5
Armour         | 3 |  3.0
Shields        | 3 |  3.0
Stealth        | 1 |  1.1
Fighting       | |  3.4

Action                   || total
-------------------------++-------
Melee: Flail             ||    57
  Use: Potion            ||     9
       Scroll            ||     4
Armor: Scale mail        ||    27
       Ring mail         ||     5
Dodge: Dodged            ||    29
Block: Buckler           ||    16

Table legend: (Time is in decaauts)
 A = Elapsed time spent in this place.
 B = Non-inter-level travel time spent in this place.
 C = Inter-level travel time spent in this place.
 D = Time resting spent in this place.
 E = Time spent auto-exploring this place.
 F = Levels seen in this place.
 G = Mean time per level.
                   A        B        C        D        E       F      G
               +--------+--------+--------+--------+--------+-----+--------+
         Total |   1549 |   1549 |      0 |    228 |    518 |   2 |  774.5 |
       Dungeon |   1549 |   1549 |      0 |    228 |    518 |   2 |  774.5 |
               +--------+--------+--------+--------+--------+-----+--------+

Top non-repeatable levels by time:
     D:2: 787 daAuts
     D:1: 761 daAuts
